 Dungeon Crawl Stone Soup version 0.18-a0-844-g9229740 (webtiles) character file.

182 Alethiolet the Distorting Demonspawn (level 5, -1/41 HPs)
             Began as a Demonspawn Abyssal Knight on Dec 19, 2015.
             Was a Believer of Lugonu.
             Slain by an orc wizard
             ... wielding a +0 dagger
              (6 damage)
             ... on level 4 of the Dungeon.
             The game lasted 00:14:20 (2633 turns).

Alethiolet the Distorting Demonspawn (DsAK)         Turns: 2633, Time: 00:14:21

Health: -1/41      AC:  5    Str: 18    XL:     5   Next: 35%
Magic:  8/8        EV: 11    Int: 13    God:    Lugonu [**....]
Gold:   128        SH:  0    Dex: 13    Spells: 0 memorised, 4 levels left

rFire  + . .     SeeInvis .     a - +1 falchion
rCold  . . .     Gourm    .     w - +2 leather armour {rF+}
rNeg   . . .     Faith    .     (no shield)
rPois  .         Spirit   .     (no helmet)
rElec  .         Dismiss  .     (no cloak)
rCorr  .         Reflect  .     (no gloves)
SustAt .         Harm     .     (no boots)
MR     .....                    (no amulet)
Stlth  +.........               (no ring)
                                (no ring)

@: mighty, very slightly contaminated, invisible, not resistant to hostile
enchantments, very unstealthy
A: talons 2
a: Depart the Abyss, Bend Space, Renounce Religion


You were on level 4 of the Dungeon.
You worshipped Lugonu.
Lugonu was pleased with you.
You were not hungry.

You visited 1 branch of the dungeon, and saw 4 of its levels.
You visited the Abyss 1 time.

You collected 128 gold pieces.

Inventory:

Hand Weapons
 a - a +1 falchion (weapon)
Armour
 b - a +0 leather armour
 w - a +2 leather armour of fire resistance (worn)
Scrolls
 e - a scroll of enchant weapon {unknown}
 g - a scroll of magic mapping {unknown}
 i - 4 scrolls of remove curse
 k - a scroll of blinking {unknown}
 l - 2 scrolls of enchant armour {unknown}
 m - a scroll of random uselessness {unknown}
 n - 4 scrolls of identify {unknown}
Potions
 d - a potion of heal wounds {unknown}
 h - a potion of brilliance {unknown}
 o - a potion of curing
 p - a potion of invisibility
 q - 2 potions of might
 r - a potion of lignification {unknown}
 u - a potion of resistance {unknown}
Comestibles
 c - a bread ration
 j - 2 meat rations
 s - a beef jerky
 t - a slice of pizza


   Skills:
 - Level 3.0 Fighting
 * Level 4.0 Long Blades
 + Level 2.5 Armour
 - Level 0.8 Dodging
 + Level 4.2 Invocations


You had 4 spell levels left.
You didn't know any spells.

Dungeon Overview and Level Annotations

Branches:
Dungeon (4/15)
 Temple: D:4-7

Altars:
Qazlal
Xom
The Shining One


Innate Abilities, Weirdness & Mutations

You have razor-sharp toenails.


Message History

There is a stone staircase leading down here.
You climb downwards.
There is a stone staircase leading up here.
You open the door.
An orc wizard comes into view. It is wielding a dagger.
There is an open door here.
The orc wizard shouts! 2 orcs and an orc priest come into view.
A worker ant comes into view.
You barely miss the orc priest.
The orc wizard shouts!
The orc shouts!
The orc shouts!
The worker ant twitches its antennae in your direction.
You hit the orc priest. Your kick misses the orc priest.
The orc priest is lightly wounded.
The worker ant twitches its antennae in your direction.
The orc priest misses you. The orc hits you with a flail.
* * * LOW HITPOINT WARNING * * *
The orc barely misses you. The orc wizard hits you with a dagger.
You die...

+.........+
#.........#
#.......#
#.....# #<..#
##'## #.# #.#
##@## #.oo#
#..o....#
......o.....#
###...a........
...#.#.....###
#####.##...##
.. #### ###


You could see a worker ant (wandering), an orc priest, an orc wizard and 2 orcs.

Vanquished Creatures
  A crimson imp (D:3)
  An orc priest (D:3)
  An orc wizard (D:3)
  An adder (D:3)
  A worm (D:3)
  7 orcs (D:3)
  2 ball pythons
  9 bats
  4 goblins
  8 hobgoblins
  9 jackals
  2 giant cockroaches
  2 giant geckos
  6 giant newts
  14 kobolds
  4 rats
72 creatures vanquished.

Notes
Turn   | Place    | Note
--------------------------------------------------------------
     0 | Abyss:1  | Alethiolet the Demonspawn Abyssal Knight began the quest for the Orb.
     0 | Abyss:1  | Reached XP level 1. HP: 18/18 MP: 2/2
    76 | Abyss:1  | Noticed a tentacled starspawn
    77 | Abyss:1  | Noticed a wretched star
    77 | Abyss:1  | Noticed a large abomination
    82 | D:1      | Escaped the Abyss
   369 | D:1      | Gained mutation: You have sharp toenails. [demonic ancestry]
   369 | D:1      | Reached XP level 2. HP: 8/24 MP: 4/4
   475 | D:1      | Reached * piety under Lugonu
   898 | D:1      | Reached XP level 3. HP: 25/29 MP: 5/5
  1064 | D:2      | Found a glowing golden altar of the Shining One.
  1280 | D:2      | Found a stormy altar of Qazlal.
  1416 | D:3      | Reached ** piety under Lugonu
  1425 | D:3      | Found a shimmering altar of Xom.
  1426 | D:3      | Found a shimmering altar of Xom.
  1426 | D:3      | Found a shimmering altar of Xom.
  1427 | D:3      | Found a shimmering altar of Xom.
  1489 | D:3      | Gained mutation: You have razor-sharp toenails. [demonic ancestry]
  1489 | D:3      | Reached XP level 4. HP: 9/35 MP: 6/6
  2585 | D:3      | Reached skill level 4 in Invocations
  2585 | D:3      | Reached XP level 5. HP: 28/41 MP: 6/8
  2633 | D:4      | Slain by an orc wizard

Vault maps used:
D:1:      dpeg_arrival_chase, minmay_door_square, lexackson_kobold_supper
D:2:      nicolae_qazlal_eye_of_the_storm, nicolae_tso_swordbearing_angel,
          first_bread
D:3:      xom_redecorated
D:4:      elyvilon_altar_1, uniq_edmund

Action                   |  1- 3 |  4- 6 || total
-------------------------+-------+-------++-------
Melee: Falchion          |   127 |   101 ||   228
Invok: Depart the Abyss  |     1 |       ||     1
  Use: Scroll            |     1 |       ||     1
       Potion            |       |     4 ||     4
 Stab: Invisible         |       |     1 ||     1
  Eat: Bread ration      |     1 |     1 ||     2
